 Dungeon Crawl Stone Soup version 0.29-a0-284-gf9362112df (webtiles) character file.

Game seed: 16282185253161503541

63 siradein the Vandal (level 4, -4/38 HPs)
             Began as a Ghoul Hunter on Mar 26, 2022.
             Slain by a centaur (5 damage)
             ... on level 3 of the Dungeon.
             The game lasted 00:04:40 (2869 turns).

siradein the Vandal (Ghoul Hunter)                  Turns: 2869, Time: 00:04:41

Health: -4/38      AC: 10    Str: 14    XL:     4   Next: 10%
Magic:  3/3        EV: 10    Int:  4    God:
Gold:   108        SH:  7    Dex: 14    Spells: 3/3 levels left

rFire   . . .      SeeInvis .   k - +0 dagger (protect)
rCold   + . .      Faith    .   d - +0 kite shield
rNeg    + + +      Spirit   .   b - +0 leather armour
rPois   ∞          Reflect  .   (no helmet)
rElec   .          Harm     .   n - scarf {shadows}
rCorr   .          Rampage  .   (no gloves)
Will    .....                   (no boots)
Stlth   +.........              (no amulet)
HPRegen 0.00/turn               (no ring)
MPRegen 0.08/turn               (no ring)

@: under a protective aura, inhibited regen
A: claws 1, cold resistance 1, negative energy resistance 3, inhibited
regeneration, torment resistance 2
a: no special abilities


You were on level 3 of the Dungeon.
You visited 1 branch of the dungeon, and saw 3 of its levels.

You collected 132 gold pieces.
You spent 24 gold pieces at shops.

Inventory:

Hand Weapons
 a - a +1 hunting sling
 k - a +0 dagger of protection (weapon)
Armour
 b - a +0 leather armour (worn)
 d - a +0 kite shield (worn)
 n - a scarf of shadows (worn)
Scrolls
 c - a scroll of immolation
 e - a scroll of teleportation
 f - a scroll of amnesia
 g - a scroll of acquirement {unknown}
 h - a scroll of fog {unknown}
 i - a scroll of blinking {unknown}
 j - a scroll of torment {unknown}
 l - 4 scrolls of noise {unknown}
 o - a scroll of enchant weapon {unknown}
Potions
 m - a potion of heal wounds


   Skills:
 + Level 3.2 Fighting
 + Level 4.1 Slings
 + Level 2.6 Dodging
 - Level 1.1 Stealth


You had 3 spell levels left.
You didn't know any spells.
Your spell library was empty.

Dungeon Overview and Level Annotations

Branches:
Dungeon (3/15)

Altars:

Shops:
D:2 ?


Innate Abilities, Weirdness & Mutations

You thrive by killing the living.
You are immune to poison.
You have sharp fingernails.
Your flesh is cold resistant. (rC+)
You are immune to negative energy. (rN+++)
You do not regenerate when monsters are visible.
You are immune to unholy pain and torment.


Message History

The centaur is heavily wounded.
You block the centaur's attack.
The centaur kicks you but does no damage.
The centaur hits you but does no damage.
The centaur kicks you but does no damage.
You hit the centaur.
The centaur is severely wounded.
The centaur hits you but does no damage.
The centaur misses you. The centaur barely misses you.
You block the centaur's attack.
You hit the centaur but do no damage.
The centaur is heavily wounded.
The centaur hits you.
* * * LOW HITPOINT WARNING * * *
The centaur kicks you but does no damage.
The centaur barely misses you. You block the centaur's attack.
You hit the centaur.
The centaur is severely wounded.
The centaur hits you but does no damage.
The centaur kicks you but does no damage.
The centaur hits you but does no damage.
The centaur misses you.
You barely miss the centaur.
The centaur is severely wounded.
The centaur hits you but does no damage.
The centaur kicks you.
* * * LOW HITPOINT WARNING * * *
You hit the centaur but do no damage.
The centaur is heavily wounded.
The centaur hits you but does no damage.
You block the centaur's attack. The centaur closely misses you. x2
You barely miss the centaur.
The centaur is heavily wounded.
The centaur completely misses you.
The centaur kicks you but does no damage.
The centaur closely misses you. The centaur misses you.
You hit the centaur.
The centaur is severely wounded.
The centaur hits you.
You die...

.......#.#.....
.##.#<#.#.....
..#.#.........
#.........$..
#....##.#.###
#.........#
#....##.###
#....<#.######
........@c.....
...............
...............
...............
######.........
#.........
#.........


You could see a centaur.

Vanquished Creatures
  2 adders (D:2)
  3 worms (D:2)
  A dart slug (D:2)
  4 endoplasms
  A giant cockroach (D:2)
  2 hobgoblins (D:2)
  2 jackals (D:1)
  3 quokkas
  4 ball pythons
  2 bats (D:2)
  2 frilled lizards
  2 goblins
  4 kobolds
  2 rats (D:2)
34 creatures vanquished.

Notes
Turn   | Place    | Note
-------+----------+-------------------------------------------
     0 | D:1      | siradein the Ghoul Hunter began the quest for the Orb.
     0 | D:1      | Reached XP level 1. HP: 17/17 MP: 0/0
   357 | D:1      | Reached XP level 2. HP: 25/25 MP: 1/1
   544 | D:1      | Found a faded altar of an unknown god.
  1042 | D:2      | Found Zare's Magic Scroll Shop.
  1049 | D:2      | Bought a scroll of identify for 24 gold pieces
  1376 | D:2      | Reached XP level 3. HP: 30/30 MP: 2/2
  1947 | D:2      | Reached skill level 4 in Slings
  2686 | D:3      | Noticed a centaur
  2758 | D:2      | Reached XP level 4. HP: 26/38 MP: 3/3
  2866 | D:3      | HP: 1/38 [centaur (1)]
  2869 | D:3      | Slain by a centaur

Illustrated notes

Levels and vault maps discovered:
D:1:      lordsloth_arrival_two_stooges, layout_rooms,
          hellmonk_ecumenical_altar_zigzags
D:2:      layout_basic, serial_shops, shop
D:3:      layout_basic, uniq_sigmund

Skill      XL: |  1  2  3 |
---------------+----------+-----
Dodging        | 2 |  2.6
Slings         | 4 |  4.1
Fighting       | 3 |  3.2
Stealth        | |  1.1

Action                   |  1- 3 |  4- 6 || total
-------------------------+-------+-------++-------
Melee: Dagger            |       |    15 ||    15
 Fire: Hunting sling     |   148 |       ||   148
  Use: Scroll            |     4 |       ||     4
Armor: Leather armour    |    13 |    21 ||    34
Dodge: Dodged            |    43 |    17 ||    60
Block: Kite shield       |    26 |    11 ||    37

Table legend: (Time is in decaauts)
 A = Elapsed time spent in this place.
 B = Non-inter-level travel time spent in this place.
 C = Inter-level travel time spent in this place.
 D = Time resting spent in this place.
 E = Time spent auto-exploring this place.
 F = Levels seen in this place.
 G = Mean time per level.
                   A        B        C        D        E       F      G
               +--------+--------+--------+--------+--------+-----+--------+
         Total |   2945 |   2909 |     36 |    319 |   1795 |   3 |  981.7 |
       Dungeon |   2945 |   2909 |     36 |    319 |   1795 |   3 |  981.7 |
               +--------+--------+--------+--------+--------+-----+--------+

Top non-repeatable levels by time:
     D:2: 2035 daAuts
     D:1: 854 daAuts
     D:3: 54 daAuts
